 Dungeon Crawl Stone Soup version 0.23.1-37-gaa34b87b72 (webtiles) character file.

Game seed: 6685191896097431039

3755 Kholdaimon the Magician (level 10, -15/77 HPs)
             Began as a Gnoll Skald on Mar 28, 2019.
             Was an Elder of Okawaru.
             Demolished by a two-headed ogre
             ... wielding a +0 giant club
              (18 damage)
             ... on level 7 of the Dungeon.
             The game lasted 00:49:29 (9548 turns).

Kholdaimon the Magician (Gnoll Skald)               Turns: 9548, Time: 00:49:30

Health: -15/77     AC:  8    Str: 18    XL:     10   Next: 15%
Magic:  20/20      EV: 14    Int: 20    God:    Okawaru [****..]
Gold:   420        SH:  6    Dex: 16    Spells: 12/23 levels left

rFire    . . .     SeeInvis .   c - +4 long sword
rCold    . . .     Gourm    .   t - +1 buckler
rNeg     . . .     Faith    +   G - +1 scale mail {rPois}
rPois    +         Spirit   .   (no helmet)
rElec    .         Reflect  .   E - scarf {repulsion}
rCorr    .         Harm     .   (no gloves)
MR       .....                  (no boots)
Stlth    ++........             q - amulet of faith
HPRegen  0.22/turn              K - +2 ring of strength
MPRegen  0.17/turn              F - +5 ring of intelligence

@: studying Transmutations, repel missiles
A: distributed training, fangs 1, strong nose
a: Heroism, Renounce Religion


You were on level 7 of the Dungeon.
You worshipped Okawaru.
Okawaru was greatly pleased with you.
You were not hungry.

You visited 1 branch of the dungeon, and saw 8 of its levels.

You collected 420 gold pieces.

Inventory:

Hand Weapons
 b - a +0 hunting sling
 c - a +4 long sword (weapon)
 j - the cursed +0 hand axe of Ixutob {flame, rF+ rC+ Str+4}
   (You took it off an orc on level 5 of the Dungeon)

   It has been specially enchanted to burn those struck by it, causing extra
   injury to most foes and up to half again as much damage against particularly
   susceptible opponents.
   Big, fiery blades are also staple armaments of hydra-hunters.
   It affects your strength (+4).
   It protects you from fire.
   It protects you from cold.
   It has a curse placed upon it.
 l - a +2 dagger of electrocution
 s - a +2 short sword of venom
 M - a +5 spear of freezing
 N - a cursed +4 dire flail
 O - a cursed +2 trident
Missiles
 g - 258 stones
 n - 21 poisoned needles
 A - 11 tomahawks (quivered)
 D - 12 bolts
 H - 51 sling bullets
 I - 4 poisoned tomahawks
Armour
 t - a +1 buckler (worn)
 E - a scarf of repulsion (worn)
 G - a +1 scale mail of poison resistance (worn)
Jewellery
 q - an amulet of faith (around neck)
 B - an uncursed ring of magical power
 F - a +5 ring of intelligence (right hand)
 K - a +2 ring of strength (left hand)
Wands
 o - a wand of flame (9)
 y - a wand of iceblast (9)
Scrolls
 k - a scroll of fog
 m - 3 scrolls of amnesia {unknown}
 v - 5 scrolls of remove curse
 x - 5 scrolls of teleportation
Potions
 a - a potion of invisibility {unknown}
 h - a potion of mutation {unknown}
 i - 2 potions of ambrosia
 p - a potion of berserk rage {unknown}
 r - 2 potions of heal wounds
 u - 2 potions of lignification
 w - a potion of agility {unknown}
 z - 4 potions of curing
 C - a potion of flight {unknown}
 J - a potion of haste {unknown}
Books
 f - a manual of Transmutations
Comestibles
 d - 6 rations


   Skills:
 + Level 6.8 Fighting
 + Level 4.9 Short Blades
 + Level 6.8 Long Blades
 + Level 4.9 Axes
 + Level 4.9 Maces & Flails
 + Level 4.9 Polearms
 + Level 4.9 Staves
 + Level 4.9 Slings
 + Level 4.9 Bows
 + Level 4.9 Crossbows
 + Level 4.9 Throwing
 + Level 5.6 Armour
 + Level 6.8 Dodging
 + Level 4.9 Stealth
 + Level 4.9 Shields
 + Level 4.9 Unarmed Combat
 + Level 7.1 Spellcasting
 + Level 4.0 Conjurations
 + Level 4.0 Hexes
 + Level 6.9 Charms
 + Level 4.0 Summonings
 + Level 4.0 Necromancy
 + Level 4.0 Translocations
 + Level 4.2 Transmutations
 + Level 4.0 Fire Magic
 + Level 4.0 Ice Magic
 + Level 4.0 Air Magic
 + Level 4.0 Earth Magic
 + Level 4.0 Poison Magic
 + Level 5.4 Invocations
 + Level 4.9 Evocations


You had 12 spell levels left.
You knew the following spells:

 Your Spells              Type           Power        Failure   Level  Hunger
a - Infusion              Chrm           ####         1%          1    None
b - Song of Slaying       Chrm           ####....     2%          2    None
c - Regeneration          Chrm/Necr      ####......   9%          3    #......
d - Shroud of Golubria    Chrm/Tloc      ####......   4%          2    None
e - Spectral Weapon       Hex/Chrm       ####....     9%          3    #......

Your spell library contained the following spells:

 Spells                   Type           Power        Failure   Level  Hunger


Dungeon Overview and Level Annotations

Branches:
Dungeon (8/15)             Temple (0/1) D:5
   Lair: D:8-11

Altars:
Ashenzari
Cheibriados
Elyvilon
Gozag
Hepliaklqana
Okawaru
Uskayaw
Vehumet
Xom
Zin
The Shining One

Annotations:
D:6 2 transporters


Innate Abilities, Weirdness & Mutations

Your experience applies equally to all skills.
You have very sharp teeth.
Your uncanny sense of smell can sniff out nearby items.


Message History

You bite the two-headed ogre, but do no damage.
The two-headed ogre is lightly wounded.
You block the two-headed ogre's attack. x2
You hit the two-headed ogre.
The two-headed ogre is lightly wounded.
You hit the two-headed ogre.
The two-headed ogre is moderately wounded.
The two-headed ogre hits you with a +0 giant club!
* * * LOW HITPOINT WARNING * * *
The two-headed ogre barely misses you.
You slash the two-headed ogre! You bite the two-headed ogre.
The two-headed ogre is heavily wounded.
The two-headed ogre barely misses you.
The two-headed ogre hits you with a +0 giant club!
* * * LOW HITPOINT WARNING * * *
You completely miss the two-headed ogre.
The two-headed ogre is heavily wounded.
You block the two-headed ogre's attack.
The two-headed ogre hits you with a +0 giant club!!
You die...

#.# #.#.#.#.#.#O##.# #.#
#.#...#.#...##.# ##.##
#.###.#.#.####.# ....#
###(##..#.#..###.#
#.#.########.)(#..##.##...#.#
.#....)..[...#.(.###.###.#..#
#.##########.............##.#
#.# ##...[..[(....##.# ..#
#..O@...........# ### ####
##.#######.#.#.##
#..#######.#### ##...##
#.............# ##.##
#..#######.##.# #.# #.##
#.##.# #.# #####.# #.##.# #.#
......# #.##.# #.# #######
#.##.######.#


You could see a two-headed ogre.

Vanquished Creatures
  Prince Ribbit (D:7)
  A hungry ghost (D:7)
  Menkaure (D:5)
  A water moccasin (D:6)
  Duvessa (D:5)
  An orc warrior (D:6)
  A sky beast (D:7)
  4 ogres
  A phantom (D:6)
  6 centaurs
  A necrophage (D:6)
  A bullfrog (D:7)
  Dowan (D:5)
  2 scorpions
  2 killer bees
  6 wights (D:7)
  3 crimson imps
  6 hounds
  A jelly (D:6)
  2 centaur skeletons (D:4)
  4 orc priests
  6 orc wizards
  3 bullfrog skeletons
  2 iguanas
  Jessica (D:2)
  Terence (D:3)
  Natasha (D:2)
  8 worker ants
  A hound zombie (D:5)
  A hound skeleton (D:4)
  A gnoll (D:2)
  A howler monkey skeleton (D:7)
  A howler monkey zombie (D:5)
  8 adders
  3 shadow imps
  An ooze (D:1)
  2 adder skeletons (D:4)
  3 worms
  2 dart slugs
  3 leopard geckos
  32 orcs
  8 giant cockroaches
  9 goblins
  10 hobgoblins
  2 jackals (D:7)
  17 kobolds
  A ball python (D:1)
  7 bats
  A frilled lizard (D:3)
  A giant cockroach zombie (D:6)
  A jackal skeleton (D:5)
  A leopard gecko skeleton (D:4)
  A leopard gecko zombie (D:6)
  9 rats
196 creatures vanquished.

Notes
Turn   | Place    | Note
-------+----------+-------------------------------------------
     0 | D:1      | Kholdaimon the Gnoll Skald began the quest for the Orb.
     0 | D:1      | Reached XP level 1. HP: 20/20 MP: 6/6
   325 | D:1      | Reached XP level 2. HP: 26/26 MP: 7/7
   551 | D:1      | Reached XP level 3. HP: 27/31 MP: 9/9
   695 | D:1      | Reached skill level 5 in Spellcasting
  1108 | D:2      | Reached skill level 1 in Invocations
  1135 | D:2      | Reached skill level 1 in Short Blades
  1135 | D:2      | Reached skill level 1 in Axes
  1135 | D:2      | Reached skill level 1 in Maces & Flails
  1135 | D:2      | Reached skill level 1 in Polearms
  1135 | D:2      | Reached skill level 1 in Staves
  1135 | D:2      | Reached skill level 1 in Slings
  1135 | D:2      | Reached skill level 1 in Bows
  1135 | D:2      | Reached skill level 1 in Crossbows
  1135 | D:2      | Reached skill level 1 in Throwing
  1135 | D:2      | Reached skill level 1 in Stealth
  1135 | D:2      | Reached skill level 1 in Shields
  1135 | D:2      | Reached skill level 1 in Unarmed Combat
  1135 | D:2      | Reached skill level 1 in Evocations
  1199 | D:2      | Found an iron altar of Okawaru.
  1280 | D:2      | Became a worshipper of Warmaster Okawaru
  1434 | D:2      | Reached XP level 4. HP: 37/38 MP: 11/11
  1462 | D:2      | Noticed Natasha
  1470 | D:2      | Killed Natasha
  1587 | D:2      | Found an opulent altar of Gozag.
  1595 | D:2      | You fall through a shaft!
  1631 | D:2      | Noticed Jessica
  1634 | D:2      | Killed Jessica
  1634 | D:2      | Reached skill level 1 in Conjurations
  1634 | D:2      | Reached skill level 1 in Hexes
  1634 | D:2      | Reached skill level 1 in Summonings
  1634 | D:2      | Reached skill level 1 in Necromancy
  1634 | D:2      | Reached skill level 1 in Translocations
  1634 | D:2      | Reached skill level 1 in Transmutations
  1634 | D:2      | Reached skill level 1 in Fire Magic
  1634 | D:2      | Reached skill level 1 in Ice Magic
  1634 | D:2      | Reached skill level 1 in Air Magic
  1634 | D:2      | Reached skill level 1 in Earth Magic
  1634 | D:2      | Reached skill level 1 in Poison Magic
  1669 | D:2      | Reached XP level 5. HP: 34/43 MP: 12/12
  1814 | D:2      | Found a shattered altar of Ashenzari.
  2534 | D:3      | Found a radiant altar of Vehumet.
  2575 | D:3      | Noticed Terence
  2592 | D:3      | Killed Terence
  2637 | D:3      | Found a shimmering altar of Xom.
  3132 | D:3      | Reached XP level 6. HP: 49/50 MP: 13/13
  3717 | D:4      | Reached skill level 5 in Fighting
  3717 | D:4      | Reached skill level 5 in Long Blades
  3717 | D:4      | Reached skill level 5 in Dodging
  3818 | D:3      | Reached * piety under Okawaru
  4212 | D:4      | Reached XP level 7. HP: 50/56 MP: 15/15
  4238 | D:4      | Found a hazy altar of Hepliaklqana.
  5071 | D:4      | Found a glowing silver altar of Zin.
  5072 | D:4      | Found a glowing golden altar of the Shining One.
  5073 | D:4      | Found a white marble altar of Elyvilon.
  5094 | D:4      | Reached ** piety under Okawaru
  5350 | D:5      | Entered Level 5 of the Dungeon
  5363 | D:5      | Found a staircase to the Ecumenical Temple.
  5456 | D:5      | Reached XP level 8. HP: 53/63 MP: 16/16
  5467 | D:5      | Identified the cursed +0 hand axe of Ixutob {flame, rF+ rC+
                  | Str+4}
  5712 | D:5      | Noticed Menkaure
  5869 | D:5      | Killed Menkaure
  5869 | D:5      | Reached skill level 6 in Spellcasting
  6211 | D:5      | Noticed Dowan
  6220 | D:5      | Learned a level 2 spell: Song of Slaying
  6224 | D:5      | Learned a level 3 spell: Regeneration
  6227 | D:5      | Learned a level 2 spell: Shroud of Golubria
  6231 | D:5      | Learned a level 3 spell: Spectral Weapon
  6237 | D:5      | Noticed Duvessa
  6254 | D:5      | Killed Duvessa
  6271 | D:5      | Killed Dowan
  7020 | D:6      | Reached XP level 9. HP: 62/69 MP: 18/18
  7073 | D:6      | Found a snail-covered altar of Cheibriados.
  7241 | D:6      | Found a transporter.
  7288 | D:6      | Found a transporter.
  7685 | D:6      | Found a hide-covered altar of Uskayaw.
  7781 | D:7      | Noticed Prince Ribbit
  7790 | D:7      | Killed Prince Ribbit
  7790 | D:7      | Reached *** piety under Okawaru
  7790 | D:7      | Reached skill level 5 in Armour
  7846 | D:7      | Reached **** piety under Okawaru
  8061 | D:6      | Received a gift from Okawaru
  8062 | D:6      | Reached skill level 5 in Invocations
  8463 | D:7      | Received a gift from Okawaru
  8463 | D:7      | Reached skill level 7 in Spellcasting
  8463 | D:7      | Reached XP level 10. HP: 68/77 MP: 20/20
  9212 | D:8      | Noticed a two-headed ogre
  9416 | D:7      | HP: 1/77 [two-headed ogre/+0 giant club (14)]
  9547 | D:7      | HP: 2/77 [two-headed ogre/+0 giant club (13)]
  9548 | D:7      | Demolished by a two-headed ogre

Skill      XL: |  1  2  3  4  5  6  7  8  9 10 |
---------------+-------------------------------+-----
Spellcasting   | 5 6 7 |  7.1
Invocations    | 1 2 3 4 5 |  5.4
Short Blades   | 1 2 3 4 |  4.9
Axes           | 1 2 3 4 |  4.9
Maces & Flails | 1 2 3 4 |  4.9
Polearms       | 1 2 3 4 |  4.9
Staves         | 1 2 3 4 |  4.9
Slings         | 1 2 3 4 |  4.9
Bows           | 1 2 3 4 |  4.9
Crossbows      | 1 2 3 4 |  4.9
Throwing       | 1 2 3 4 |  4.9
Stealth        | 1 2 3 4 |  4.9
Shields        | 1 2 3 4 |  4.9
Unarmed Combat | 1 2 3 4 |  4.9
Evocations     | 1 2 3 4 |  4.9
Conjurations   | 1 2 3 4 |  4.0
Hexes          | 1 2 3 4 |  4.0
Summonings     | 1 2 3 4 |  4.0
Necromancy     | 1 2 3 4 |  4.0
Translocations | 1 2 3 4 |  4.0
Transmutations | 1 2 3 4 |  4.2
Fire Magic     | 1 2 3 4 |  4.0
Ice Magic      | 1 2 3 4 |  4.0
Air Magic      | 1 2 3 4 |  4.0
Earth Magic    | 1 2 3 4 |  4.0
Poison Magic   | 1 2 3 4 |  4.0
Armour         | 3 4 5 |  5.6
Fighting       | 5 6 |  6.8
Long Blades    | 5 6 |  6.8
Dodging        | 5 6 |  6.8
Charms         | 6 |  6.9

Action                   |  1- 3 |  4- 6 |  7- 9 | 10-12 || total
-------------------------+-------+-------+-------+-------++-------
Melee: Falchion          |    99 |   167 |    69 |       ||   335
       Bite              |    15 |    20 |    53 |    10 ||    98
       Dagger            |       |       |   117 |       ||   117
       Long sword        |       |       |   198 |    63 ||   261
Throw: Tomahawk          |     2 |    37 |    69 |     2 ||   110
       Stone             |       |     9 |    16 |       ||    25
 Cast: Regeneration      |       |       |     1 |       ||     1
  Use: Scroll            |       |     9 |     3 |       ||    12
 Stab: Sleeping          |       |     1 |     1 |     1 ||     3
  Eat: Chunk             |     2 |     5 |     9 |     1 ||    17
       Ration            |       |     1 |     2 |     1 ||     4
Armor: Leather armour    |    25 |     3 |       |       ||    28
       Scale mail        |       |    40 |   117 |    15 ||   172
Dodge: Dodged            |    70 |   101 |   231 |    58 ||   460
       Deflected         |       |       |    10 |       ||    10
Block: Buckler           |       |    45 |   144 |    29 ||   218
       Rpst.: Falchion   |    22 |    25 |    14 |       ||    61
       Long sword        |       |       |    47 |    17 ||    64
